 Dungeon Crawl Stone Soup version 0.29-a0-422-gafbd6decc1 (webtiles) character file.

Game seed: 16254202378560476489

21 spiderkeys the Skirmisher (level 2, -2/33 HPs)
             Began as an Ogre Abyssal Knight on May 19, 2022.
             Was a Believer of Lugonu.
             Slain by Natasha (4 damage)
             ... on level 2 of the Dungeon.
             The game lasted 00:01:14 (1230 turns).

spiderkeys the Skirmisher (Ogre Abyssal Knight)     Turns: 1230, Time: 00:01:15

Health: -2/33      AC:  3    Str: 16    XL:     2   Next: 83%
Magic:  0/3        EV: 10    Int: 11    God:    Lugonu [**....]
Gold:   80         SH:  0    Dex:  9    Spells: 0/1 levels left

rFire   . . .      SeeInvis .   a - +1 spear
rCold   . . .      Faith    .   (no shield)
rNeg    . . .      Spirit   .   b - +0 robe
rPois   .          Reflect  .   (helmet restricted)
rElec   .          Harm     .   (no cloak)
rCorr   .          Rampage  .   (gloves unavailable)
Will    .....                   (boots unavailable)
Stlth   +.........              (no amulet)
HPRegen 0.11/turn               (no ring)
MPRegen 0.08/turn               (no ring)

@: no status effects
A: large, unfitting armour, tough skin 1
a: Renounce Religion, Depart the Abyss, Bend Space


You were on level 2 of the Dungeon.
You worshipped Lugonu.
Lugonu was pleased with you.
You visited 1 branch of the dungeon, and saw 2 of its levels.
You visited the Abyss 1 time.

You collected 80 gold pieces.


Innate Abilities, Weirdness & Mutations

You are too large for most types of armour.
You have tough skin. (AC +1)


   Skills:
 + Level 4.3 Fighting
 - Level 2.2 Polearms
 + Level 2.4 Dodging
 + Level 0.3 Spellcasting
 + Level 0.2 Earth Magic
 + Level 2.3 Invocations


You couldn't memorise any spells.
You knew the following spells:

 Your Spells              Type           Power      Damage    Failure   Level
s - Sandblast             Erth           0%         2d4       30%         1

Your spell library contained the following spells:

 Spells                   Type           Power      Damage    Failure   Level
 Animate Skeleton         Necr           0%         N/A       34%         1
 Pain                     Necr           0%         1d4       34%         1
 Passwall                 Tmut/Erth      0%         N/A       45%         2
 Stone Arrow              Conj/Erth      0%         3d7       69%         3
 Vampiric Draining        Necr           0%         2d6       71%         3

Inventory:

Hand Weapons
 a - a +1 spear (weapon)
Missiles
 e - 15 stones
Armour
 b - a +0 robe (worn)
Scrolls
 d - a scroll of enchant armour {unknown}
 f - a scroll of teleportation {unknown}
 g - a scroll of summoning {unknown}
Potions
 c - a potion of curing {unknown}

Dungeon Overview and Level Annotations

Branches:
Dungeon (2/15)

Altars:

Annotations:
D:2 Natasha

##..##.†<..###
......#.....###.#
#..##..........#
#. ###...........
# ##.....###.##
##......# ..
#.......### .
#..........
#..@....###
.......h5.<##
.######5..##
##.## .. ###


You could see Natasha and 2 shadow imps.


Message History

You see here a scroll labelled DIESYO GAST.
You hit the ball python.
You kill the ball python!
Lugonu accepts your kill. 😕 HP[+1]
You now have 33 max hp (+1).
You reach to attack!
You hit the rat.
You kill the rat!
Lugonu accepts your kill.
No target in view!
No target in view!
No target in view!
No target in view!
A rat is nearby!
A rat is nearby!
You reach to attack!
You closely miss the rat. You hit the rat.
You kill the rat!
Lugonu accepts your kill. 😕 HP[+1] No target in view!
No target in view!
No target in view!
g - a scroll labelled DIESYO GAST 😎 HP[+2]
Your hp is fully restored (33).
e - 17 stones (gained 2)
Things that are here:
a +0 short sword; a kobold corpse
Found an escape hatch in the ceiling.
Natasha, Servant of Life and Death comes into view.
Natasha hisses angrily.
Casting: Sandblast (safe; 30% risk of failure)
Confirm with . or Enter, or press ? or * to list all spells.
Aiming: Sandblast (safe; 30% risk of failure)
Press: ? - help, Shift-Dir - straight line, f - Natasha
Aim: Natasha (72% to hit)
The blast of sand hits Natasha.
e - 16 stones Natasha stares at you and mumbles some strange words.
You resist with significant effort. 😎 MP[-1]
You lost 1 mp, and now have 2/3 mp.
Casting: Sandblast (safe; 30% risk of failure)
Confirm with . or Enter, or press ? or * to list all spells.
Aiming: Sandblast (safe; 30% risk of failure)
Press: ? - help, Shift-Dir - straight line, f/p - Natasha
Aim: Natasha (moderately wounded, 72% to hit)
You miscast Sandblast.
You are very lightly contaminated with residual magic.
Nothing appears to happen.
Natasha casts a spell. 😎 MP[-1]
You lost 1 mp, and now have 1/3 mp.
Casting: Sandblast (safe; 30% risk of failure)
Confirm with . or Enter, or press ? or * to list all spells.
Aiming: Sandblast (safe; 30% risk of failure)
Press: ? - help, Shift-Dir - straight line, f/p - Natasha
Aim: Natasha (moderately wounded, 72% to hit)
The blast of sand hits Natasha.
e - 15 stones Natasha claws you!
The shadow imp hits you but does no damage. 😕 HP[-7] MP[-1]
You take 7 damage, and now have 26/33 hp.
MASSIVE DAMAGE!! (PAUSE)
You lost 1 mp, and now have 0/3 mp.
You closely miss Natasha. Natasha claws you but does no damage.
The shadow imp hits you but does no damage. 😕 HP[+1]
You miss Natasha. Natasha barely misses you. The shadow imp hits you. 😮 HP[-5]
You take 5 damage, and now have 22/33 hp.
You completely miss Natasha. Natasha claws you. The shadow imp spits at you.
The shadow imp gestures at you.
You barely resist. 😮 HP[-5]
You take 5 damage, and now have 17/33 hp.
You closely miss Natasha. Natasha claws you.
* * * LOW HITPOINT WARNING * * *
The shadow imp hits you but does no damage. 😨 HP[-1]
You take 1 damage, and now have 16/33 hp.
You hit Natasha.
Natasha mumbles some strange words.
The shadow imp hits you.
* * * LOW HITPOINT WARNING * * *
😨 HP[-4]
You take 4 damage, and now have 12/33 hp.
You miss Natasha. Natasha claws you.
* * * LOW HITPOINT WARNING * * *
The shadow imp hits you.
* * * LOW HITPOINT WARNING * * *
Your magical contamination has completely faded away. 😱 HP[-10]
You take 10 damage, and now have 2/33 hp.
MASSIVE DAMAGE!! (PAUSE)
You hit Natasha. Natasha claws you.
You die...

Action                   || total
-------------------------++-------
Melee: Spear             ||    78
 Cast: Sandblast         ||     4
 Stab: Sleeping          ||     2
Armor: Robe              ||    24
Dodge: Dodged            ||    38

Levels and vault maps discovered:
D:1:      lemuel_arrival_broad_hall, layout_loops_cross, basic_ecumenical_altar
D:2:      layout_loops_ring, uniq_natasha, uniq_sigmund

Notes
Turn   | Place    | Note
-------+----------+-------------------------------------------
     0 | Abyss:1  | spiderkeys the Ogre Abyssal Knight began the quest for the
                  | Orb.
     0 | Abyss:1  | Reached XP level 1. HP: 24/24 MP: 2/2
     0 | Abyss:1  | magus.rc [v1.11.3]
    11 | D:1      | You pass through the gate.
    11 | D:1      | Escaped the Abyss
    38 | D:1      | Found a faded altar of an unknown god.
   219 | D:1      | You pick up a book of Necromancy and begin reading...
   219 | D:1      | You add the spells Pain, Animate Skeleton and Vampiric
                  | Draining to your library.
   313 | D:1      | Reached XP level 2. HP: 21/32 MP: 3/3
   557 | D:1      | You pick up a book of Geomancy and begin reading...
   557 | D:1      | You add the spells Sandblast, Passwall and Stone Arrow to
                  | your library.
   596 | D:1      | Learned a level 1 spell: Sandblast
  1217 | D:2      | Noticed Natasha
  1229 | D:2      | HP: 7/33 [Natasha (5)]
  1229 | D:2      | HP: 2/33 [shadow imp[Natasha] (5)]
  1230 | D:2      | Slain by Natasha

Vanquished Creatures
  A dart slug (D:1)
  2 giant cockroaches (D:1)
  A hobgoblin (D:1)
  4 jackals
  A quokka (D:1)
  2 ball pythons
  3 frilled lizards (D:1)
  A kobold (D:2)
  3 rats
18 creatures vanquished.

Table legend:
 A = Non-vault XP
 B = Vault XP
 C = Vault XP percentage of total XP
 D = Non-vault monster count
 E = Vault monster count
 F = Vault count percentage of total count
                 A         B        C        D         E       F
            +---------+---------+-------+---------+---------+-------
      Total |      30 |       0 |   0.0 |      18 |       0 |   0.0
            +---------+---------+-------+---------+---------+-------
        D:1 |      23 |       0 |   0.0 |      13 |       0 |   0.0
        D:2 |       7 |       0 |   0.0 |       5 |       0 |   0.0
            +---------+---------+-------+---------+---------+-------

Illustrated notes

Table legend:
 A = Kills in this place as a percentage of kills in entire the game.
 B = Kills by you in this place as a percentage of kills by you in the entire game.
 C = Kills by friends in this place as a percentage of kills by friends in the entire game.
 D = Other kills in this place as a percentage of other kills in the entire game.
 E = Experience gained in this place as a percentage of experience gained in the entire game.
 F = Experience gained in this place divided by the number of levels of this place that you have seen.
                   A       B       C       D       E      F
               +-------+-------+-------+-------+-------+----------------------
         Total | 100.0 | 100.0 |   N/A |   N/A | 100.0 |  10.0
       Dungeon | 100.0 | 100.0 |   N/A |   N/A | 100.0 |  15.0
               +-------+-------+-------+-------+-------+----------------------

Table legend: (Time is in decaauts)
 A = Elapsed time spent in this place.
 B = Non-inter-level travel time spent in this place.
 C = Inter-level travel time spent in this place.
 D = Time resting spent in this place.
 E = Time spent auto-exploring this place.
 F = Levels seen in this place.
 G = Mean time per level.
                   A        B        C        D        E       F      G
               +--------+--------+--------+--------+--------+-----+--------+
         Total |   1231 |   1179 |     52 |    280 |    740 |   3 |  410.3 |
       Dungeon |   1220 |   1168 |     52 |    280 |    737 |   2 |  610.0 |
         Abyss |     11 |     11 |      0 |      0 |      3 |   1 |   11.0 |
               +--------+--------+--------+--------+--------+-----+--------+

Top non-repeatable levels by time:
     D:1: 1102 daAuts
     D:2: 118 daAuts
 Abyss:1: 11 daAuts
